AoeStats
← TM Caesar

Golden Pit

507818604Analyzed
1v1 RM · 14d ago on Sep 19, 2026· 34m 42s· 2 players
Game mode
Random Map
Map size
Tiny (2 player)
Population
200
Speed
Normal
Resources
Standard
Victory
Conquest
Starting age
Dark Age
Ending age
Imperial Age
RankedLock teamsTeams togetherTeam positionsShared explorationLock speedFull tech treeHidden civsTurbo modeCheats
Victory
Defeat
🇲🇽 Tatars · Mexico
1732
+14
🇦🇷 Cumans · Argentina
1680
-14
TM Caesar
6:44 Loom
9:01 Feudal Age
10:08 Double-Bit Axe
20:10 Horse Collar
22:52 Castle Age
20:48 Gold Mining
23:06 Bloodlines
23:02 Scale Barding Armor
24:28 Chain Barding Armor
27:29 Forging
29:00 Wheelbarrow
28:06 Light Cavalry
ELEG | Huitzilopochtli
5:55 Loom
8:46 Feudal Age
10:34 Horse Collar
11:15 Double-Bit Axe
19:14 Castle Age
17:58 Fletching
18:25 Bloodlines
19:11 Padded Archer Armor
21:04 Husbandry
23:45 Bodkin Arrow
32:53 Imperial Age
33:00 Bow Saw
32:40 Town Watch
33:57 Bracer
34:24 Ballistics
36:20 Chemistry
Connection lost

Rejoining the realm…

Still unreachable

The connection could not be restored.

Session expired

The server has moved on; the page needs a fresh start.